 Dungeon Crawl Stone Soup version 0.30-a0-1113-ga8025317a9 (webtiles) character file.

Game seed: 4071009634965735312

23 Lusmu the Magician (level 2, -2/19 HPs)
             Began as a Demonspawn Wanderer on Apr 20, 2023.
             Slain by a worm (5 damage)
             ... on level 2 of the Dungeon.
             The game lasted 00:07:10 (1249 turns).

Lusmu the Magician (Demonspawn Wanderer)            Turns: 1249, Time: 00:07:10

Health: -2/19      AC:  7    Str:  8    XL:     2   Next: 72%
Magic:  7/7        EV:  7    Int: 18    God:
Gold:   50         SH:  0    Dex: 11    Spells: 9/9 levels left

rFire   . . .      SeeInvis .    a - +0 dagger
rCold   . . .      Faith    .    (no shield)
rNeg    . . .      Spirit   .    c - +0 scale mail
rPois   .          Reflect  .    (no helmet)
rElec   .          Rampage  .    (no cloak)
rCorr   .                        (no gloves)
Will    .....                    e - +0 pair of boots Stlth
                                 (no amulet)
HPRegen 0.23/turn                (no ring)
MPRegen 0.10/turn                (no ring)

@: no status effects
A: demonic magic 1
a: no special abilities


You were on level 2 of the Dungeon.
You visited 1 branch of the dungeon, and saw 2 of its levels.

You collected 50 gold pieces.

Inventory:

Hand Weapons
 a - a +0 dagger (weapon)
Armour
 c - a +0 scale mail (worn)
 d - a +0 ring mail
 e - a +0 pair of boots (worn)
Jewellery
 h - an amulet of magic regeneration
Scrolls
 b - a scroll of vulnerability
 f - 2 scrolls of identify {unknown}
 g - a scroll of silence {unknown}
 i - a scroll of teleportation {unknown}


   Skills:
 + Level 3.1 Armour
 + Level 4.2 Spellcasting
 + Level 3.3 Poison Magic


You had 9 spell levels left.
You didn't know any spells.
Your spell library contained the following spells:

 Spells                   Type           Power      Damage    Failure   Level
 Sting                    Tmut/Pois      36%        1d4       54%         1
 Poisonous Vapours        Pois/Air       18%        N/A       69%         2
 Cigotuvi's Dreadful Rot  Necr/Pois/Air  14%        N/A       77%         2
 Beastly Appendage        Tmut           6%         N/A       78%         1
 Spider Form              Tmut/Pois      9%         N/A       89%         3
 Mephitic Cloud           Conj/Pois/Air  7%         N/A       94%         3
 Olgreb's Toxic Radiance  Pois           15%        N/A       97%         4
 Freezing Cloud           Conj/Ice/Air   1%         6-21      100%        5


Dungeon Overview and Level Annotations

Branches:
Dungeon (2/15)

Altars:


Innate Abilities, Weirdness & Mutations

Spells you cast may paralyse adjacent enemies.


Message History

The worm bites you.
You barely miss the worm.
The worm is severely wounded.
You hit the worm.
The worm is severely wounded.
The worm bites you but does no damage.
You hit the worm but do no damage.
The worm is severely wounded.
You hit the worm.
The worm is severely wounded.
The worm bites you.
* * * LOW HITPOINT WARNING * * *
You hit the worm but do no damage.
The worm is severely wounded.
The worm barely misses you.
You hit the worm but do no damage. You punch the worm.
The worm is severely wounded.
You barely miss the worm.
The worm is severely wounded.
The worm bites you.
* * * LOW HITPOINT WARNING * * *
You hit the worm but do no damage.
The worm is severely wounded.
You hit the worm.
The worm is almost dead.
The worm barely misses you.
You hit the worm but do no damage.
The worm is severely wounded.
The worm bites you but does no damage.
You hit the worm but do no damage.
The worm is severely wounded.
You barely miss the worm.
The worm is severely wounded.
The worm barely misses you.
You hit the worm but do no damage.
The worm is severely wounded.
You hit the worm.
The worm is severely wounded.
The worm bites you.
You die...

...# ...### ..... ...#
...# #########...# #
#.....w@.#+# #
#.######.#.# #
#......#.#############
#................†...#
########.###########.#
...# #.# ##### #.# #.#
#.#


You could see a worm.

Vanquished Creatures
  A dart slug (D:1)
  3 ball pythons (D:1)
  5 endoplasms (D:1)
  2 hobgoblins
  2 quokkas (D:1)
  2 bats (D:1)
  2 frilled lizards (D:1)
  A kobold (D:1)
  2 rats (D:1)
20 creatures vanquished.

Notes
Turn   | Place    | Note
-------+----------+-------------------------------------------
     0 | D:1      | Lusmu the Demonspawn Wanderer began the quest for the Orb.
     0 | D:1      | Lusmu set off with the following items: a +0 dagger, a
                  | scroll of vulnerability, a +0 scale mail; and the following
                  | spells available to memorise: Sting, Beastly Appendage,
                  | Cigotuvi's Dreadful Rot, Spider Form, Olgreb's Toxic
                  | Radiance.
     0 | D:1      | Reached XP level 1. HP: 13/13 MP: 5/5
   185 | D:1      | Found a faded altar of an unknown god.
   407 | D:1      | Gained mutation: Spells you cast may paralyse adjacent
                  | enemies. [demonic ancestry]
   407 | D:1      | Reached XP level 2. HP: 19/19 MP: 7/7
  1249 | D:2      | Slain by a worm

Illustrated notes

Levels and vault maps discovered:
D:1:      lemuel_arrival_behind_the_door_large, layout_basic,
          shapermc_ecumenical_altar_totnotflames
D:2:      minmay_evil_eye, layout_basic, chequers_serial_rivers_room_a

Skill      XL: |  1  2 |
---------------+-------+-----
Armour         | 3 |  3.1
Spellcasting   | |  4.2
Poison Magic   | |  3.3

Action                     || total
---------------------------++-------
  Melee: Dagger            ||   151
         Punch             ||     1
 Armour: Scale mail        ||    76
  Dodge: Dodged            ||    45

Table legend: (Time is in decaauts)
 A = Elapsed time spent in this place.
 B = Non-inter-level travel time spent in this place.
 C = Inter-level travel time spent in this place.
 D = Time resting spent in this place.
 E = Time spent auto-exploring this place.
 F = Levels seen in this place.
 G = Mean time per level.
                   A        B        C        D        E       F      G
               +--------+--------+--------+--------+--------+-----+--------+
         Total |   1248 |   1210 |     38 |     21 |    824 |   2 |  624.0 |
       Dungeon |   1248 |   1210 |     38 |     21 |    824 |   2 |  624.0 |
               +--------+--------+--------+--------+--------+-----+--------+

Top non-repeatable levels by time:
     D:1: 1145 daAuts
     D:2: 103 daAuts
